 Dungeon Crawl Stone Soup version 0.31.0-32-g396128a36d (webtiles) character file.

Game seed: 2438641880945865141

5552 AdnanSaban the Basher (level 10, -3/63 HPs)
             Began as a Gargoyle Fighter on Apr 15, 2024.
             Was an Elder of Okawaru.
             Killed by divine providence
             ... invoked by an orc priest
              (10 damage)
             ... on level 9 of the Dungeon.
             The game lasted 00:18:17 (8573 turns).

AdnanSaban the Basher (Gargoyle Fighter)            Turns: 8573, Time: 00:18:17

Health: -3/63      AC: 21    Str: 25    XL:     10   Next: 71%
Magic:  11/11      EV: 24    Int:  8    God:    Okawaru [****..]
Gold:   456        SH:  9    Dex:  9    Spells: 9/9 levels left

rFire   . . .        M - +4 flail
rCold   . . .        c - +0 kite shield
rNeg    + . .        m - +0 chain mail
rPois   ∞            G - +0 hat
rElec   +            J - +0 cloak
rCorr   .            (no gloves)
SInv    .            j - +0 pair of boots
Will    .....        b - amulet of the acrobat Stlth
                     (no ring)
HPRegen 0.30/turn    (no ring)
MPRegen 0.12/turn

%: acrobat
@: acrobatic
A: sickness immunity, AC +7, negative energy resistance 1, electricity
resistance, torment resistance 1, petrification resistance
a: Renounce Religion, Heroism, Finesse


You were on level 9 of the Dungeon.
You worshipped Okawaru.
Okawaru was greatly pleased with you.
You visited 2 branches of the dungeon, and saw 10 of its levels.

You collected 456 gold pieces.

Inventory:

Hand Weapons
 M - a +4 flail (weapon)
Missiles
 l - 8 boomerangs
 n - 5 silver javelins
 p - 5 poisoned darts (quivered)
 v - 4 javelins
Armour
 c - a +0 kite shield (worn)
 j - a +0 pair of boots (worn)
 m - a +0 chain mail (worn)
 G - a +0 hat (worn)
 H - a +2 tower shield
 J - a +0 cloak (worn)
Jewellery
 b - an amulet of the acrobat (around neck)
 t - a ring of fire
Wands
 w - a wand of paralysis (13)
 D - a wand of digging (6)
 E - a wand of roots (8)
 K - a wand of flame (28)
Scrolls
 f - 2 scrolls of brand weapon {unknown}
 h - 6 scrolls of teleportation
 i - a scroll of amnesia {unknown}
 o - 2 scrolls of enchant armour {unknown}
 s - 2 scrolls of vulnerability {unknown}
 x - 4 scrolls of blinking {unknown}
 y - 4 scrolls of immolation {unknown}
 A - a scroll of silence {unknown}
 B - 4 scrolls of identify {unknown}
 C - a scroll of torment {unknown}
 F - a scroll of fear
Potions
 d - 5 potions of might
 e - 2 potions of berserk rage {unknown}
 g - 4 potions of heal wounds {unknown}
 k - a potion of mutation {unknown}
 q - 2 potions of attraction {unknown}
 r - 2 potions of curing {unknown}
 u - a potion of brilliance {unknown}
 z - 2 potions of degeneration {unknown}
 I - 2 potions of enlightenment {unknown}
 L - 2 potions of ambrosia {unknown}


   Skills:
 + Level 7.1 Fighting
 + Level 10.2 Maces & Flails
 + Level 2.5 Throwing
 + Level 8.5 Armour
 + Level 3.5 Dodging
 + Level 0.9 Stealth
 + Level 6.4 Shields
 + Level 1.8 Invocations


You had 9 spell levels left.
You didn't know any spells.
Your spell library contained the following spells:

 Spells                   Type           Power      Damage    Failure   Level
 Ensorcelled Hibernation  Hex/Ice        0%         N/A       99%         2
 Jinxbite                 Hex            0%         N/A       99%         2
 Mercury Vapours          Alch/Air       0%         N/A       99%         2
 Fugue of the Fallen      Necr           0%         N/A       100%        3
 Mephitic Cloud           Conj/Alch/Air  0%         N/A       100%        3
 Volatile Blastmotes      Fire/Tloc      0%         2d10      100%        3
 Anguish                  Hex/Necr       0%         N/A       100%        4
 Fulminant Prism          Conj/Alch      0%         3d5       100%        4
 Iskenderun's Mystic Bla  Conj/Tloc      0%         2d3       100%        4
 Freezing Cloud           Conj/Ice/Air   0%         6-21      100%        5
 Yara's Violent Unravell  Hex/Alch       0%         3d3       100%        5
 Enfeeble                 Hex            0%         N/A       100%        7


Dungeon Overview and Level Annotations

Branches:
Dungeon (9/15)             Temple (1/1) D:4             Orc (0/2) D:9
   Lair: D:8-11

Altars:
Ashenzari
Cheibriados
Dithmenos
Elyvilon
Fedhas
Gozag
Hepliaklqana
Kikubaaqudgha
Makhleb
Nemelex Xobeh
Okawaru
Qazlal
Ru
Sif Muna
Trog
Uskayaw
Vehumet
Wu Jian
Xom
Yredelemnul
Zin
The Shining One

Shops:
D:6 :


Innate Abilities, Weirdness & Mutations

You are immune to sickness and miasma.
Your stone body is resilient. (AC +7)
You are immune to poison.
You resist negative energy. (rN+)
You are resistant to electric shocks. (rElec)
You are resistant to unholy torment.
You are immune to petrification.


Message History

* * * LOW HITPOINT WARNING * * *
The warg bites you!
* * * LOW HITPOINT WARNING * * *
You closely miss the warg.
The warg is severely wounded.
You block the warg's attack.
You miss the warg.
The warg is severely wounded.
You block the warg's attack.
You hit the warg but do no damage.
The warg is severely wounded.
You block the warg's attack.
You closely miss the warg.
The warg is heavily wounded.
The warg bites you but does no damage.
You barely miss the warg.
The warg is heavily wounded.
The warg bites you.
* * * LOW HITPOINT WARNING * * *
The warg completely misses you. The warg misses you.
The warg attacks as it pursues you! The warg misses you.
You feel like a meek peon again. You block the warg's attack.
The warg closely misses you. You block the warg's attack.
You block the warg's attack. The warg attacks as it pursues you!
The warg misses you. The warg attacks as it pursues you!
You block the warg's attack. The warg misses you.
You open the door. The warg bites you.
* * * LOW HITPOINT WARNING * * *
The warg attacks as it pursues you! You block the warg's attack.
The orc priest miscasts a cantrip.
You block the warg's attack.
There is an open door here.
An orc comes into view. It is wielding a +0 flail.
The orc shouts!
You hear a shout!
The orc priest calls down the wrath of Beogh upon you.
Beogh smites you!
You die...

.# #.# #.# #:........ .# #.#
#.# #......... .# #.# ####
#......... .# ###
...#####......... .... ##
...##.......>.. .####
o.##..........#### .#
............# .# ##..........#
# #. ..####..@##......# #.
.......h##.......#
##.##########'#........#
#...##..)....o##.......#####
#.......####...##............
##....8.##..##o8.###.#########
#>......'ooo.'...# #.#
##....8.## ##o8.# #.#
#.......####...## #.#


You could see a warg, an orc warrior, 2 orc priests and an orc.

Vanquished Creatures
  A two-headed ogre (D:6)
  Maurice (D:7)
  Maggie (D:9)
  2 trolls
  4 yaks (D:5)
  A wyvern (D:9)
  Menkaure (D:4)
  4 water moccasins
  2 black bears
  4 sky beasts
  3 orc warriors
  2 ice beasts (D:6)
  3 ogres
  2 centaurs
  A phantom (D:7)
  4 scorpions
  A bullfrog (D:8)
  A gnoll sergeant (D:7)
  2 howler monkeys
  A bombardier beetle (D:4)
  A hound (D:4)
  A gnoll bouda (D:5)
  2 jellies
  2 orc priests
  Ijyb (D:4)
  2 iguanas
  7 orc wizards
  12 gnolls
  9 adders
  2 ufetubi (D:5)
  A ribbon worm (D:2)
  A dart slug (D:5)
  28 orcs
  8 ball pythons
  9 bats
  7 endoplasms
  5 giant cockroaches
  A goblin (D:1)
  11 hobgoblins
  4 jackals (D:1)
  7 quokkas
  5 frilled lizards
  4 kobolds
  7 rats
178 creatures vanquished.

Notes
Turn   | Place    | Note
-------+----------+-------------------------------------------
     0 | D:1      | AdnanSaban the Gargoyle Fighter began the quest for the
                  | Orb.
     0 | D:1      | Reached XP level 1. HP: 14/14 MP: 1/1
   177 | D:1      | Reached XP level 2. HP: 19/19 MP: 2/2
   350 | D:1      | Reached XP level 3. HP: 24/24 MP: 3/3
   712 | D:1      | Reached XP level 4. HP: 23/29 MP: 4/4
   862 | D:2      | Reached skill level 3 in Maces & Flails
  1261 | D:2      | Reached skill level 1 in Dodging
  1415 | D:1      | Reached XP level 5. HP: 26/33 MP: 5/5
  1706 | D:2      | Found a faded altar of an unknown god.
  2367 | D:3      | Identified the +11 broad axe of Bloodstone {elec, rElec
                  | SInv}
  2546 | D:4      | Reached skill level 4 in Maces & Flails
  2546 | D:4      | Reached XP level 6. HP: 14/38 MP: 6/6
  2654 | D:4      | Noticed a black bear
  2654 | D:4      | Noticed Ijyb
  2716 | D:4      | Found a staircase to the Ecumenical Temple.
  2728 | Temple   | Entered the Ecumenical Temple
  2749 | Temple   | Became a worshipper of Warmaster Okawaru
  3066 | D:4      | Reached XP level 7. HP: 42/44 MP: 7/7
  3124 | D:4      | Noticed Menkaure
  3135 | D:4      | Killed Menkaure
  3136 | D:4      | Reached skill level 5 in Maces & Flails
  3187 | D:4      | Killed Ijyb
  3187 | D:4      | Reached * piety under Okawaru
  3717 | D:4      | Reached skill level 5 in Armour
  3717 | D:4      | Reached skill level 1 in Invocations
  3739 | D:5      | Entered Level 5 of the Dungeon
  3982 | D:5      | Reached skill level 1 in Throwing
  4234 | D:5      | Reached skill level 5 in Fighting
  4234 | D:5      | Reached XP level 8. HP: 41/49 MP: 8/8
  4276 | D:5      | Found a radiant altar of Vehumet.
  4281 | D:5      | Found a blossoming altar of Fedhas.
  4282 | D:5      | Found an opulent altar of Gozag.
  4393 | D:5      | Reached skill level 6 in Maces & Flails
  4512 | D:5      | Found a stormy altar of Qazlal.
  4782 | D:6      | Noticed a two-headed ogre
  4873 | D:6      | Killed a two-headed ogre
  4873 | D:6      | Reached ** piety under Okawaru
  4874 | D:6      | Reached skill level 7 in Maces & Flails
  4874 | D:6      | Reached skill level 5 in Shields
  4874 | D:6      | Reached XP level 9. HP: 6/55 MP: 7/10
  5444 | D:5      | Reached skill level 8 in Maces & Flails
  5655 | D:6      | Reached *** piety under Okawaru
  5853 | D:6      | Found Kirr's Book Boutique.
  6191 | D:7      | Noticed a troll
  6201 | D:7      | Killed a troll
  6211 | D:7      | Reached XP level 10. HP: 61/61 MP: 9/11
  6559 | D:7      | Reached skill level 9 in Maces & Flails
  6880 | D:7      | Noticed Maurice
  7105 | D:7      | Paralysed by Maurice for 4 turns
  7106 | D:7      | Maurice stole 5 silver javelins
  7115 | D:7      | Something stole a ring of fire
  7117 | D:7      | Killed Maurice
  7627 | D:8      | Reached **** piety under Okawaru
  8293 | D:9      | Noticed a two-headed ogre
  8300 | D:9      | Reached skill level 10 in Maces & Flails
  8416 | D:9      | Noticed Maggie
  8429 | D:9      | Killed Maggie
  8488 | D:9      | Found a staircase to the Orcish Mines.
  8573 | D:9      | Killed from afar by an orc priest

Illustrated notes

Levels and vault maps discovered:
D:1:      spicycebolla_arrival_clurvy, layout_rooms, nrook_mini_backslash
D:2:      minmay_general_purpose_star, layout_loops_cross,
          hellmonk_ecumenical_altar_defaced_shrine, amcnicky_mini_pool_small,
          dreamdust_princess_corridor, grunt_ministairs_9, minivault_14
D:3:      layout_basic, hex_medium, minmay_fractal_squares_gapless_5
D:4:      layout_basic, minmay_temple_entry_slanted, uniq_menkaure, uniq_ijyb
D:5:      layout_basic, minitemple, nicolae_overflow_hidden_temple,
          kennysheep_small_square
D:6:      layout_cave_pools, serial_shops, shop, minmay_parallelograms
D:7:      layout_gridville, uniq_maurice
D:8:      layout_basic
D:9:      layout_small_grid, david_orc_1_choice, uniq_maggie
Temple:   nicolae_temple_bog_church

Skill      XL: |  1  2  3  4  5  6  7  8  9 10 |
---------------+-------------------------------+-----
Maces & Flails | 3 4 5 7 8 10 | 10.2
Dodging        | 1 2 3 |  3.5
Armour         | 4 5 6 7 8 |  8.5
Shields        | 4 5 6 |  6.4
Fighting       | 4 5 6 7 |  7.1
Invocations    | 1 |  1.8
Throwing       | 1 2 |  2.5
Stealth        | |  0.9

Action                     |  1- 3 |  4- 6 |  7- 9 | 10-12 || total
---------------------------+-------+-------+-------+-------++-------
  Melee: Flail             |   119 |   272 |   314 |   255 ||   960
  Throw: Boomerang         |       |     4 |    17 |       ||    21
         Dart              |       |       |     6 |     3 ||     9
 Invoke: Heroism           |       |       |     5 |     2 ||     7
 Armour: Scale mail        |    57 |       |       |       ||    57
         Chain mail        |    26 |   224 |   265 |   260 ||   775
  Dodge: Dodged            |    75 |   135 |   165 |   109 ||   484
  Block: Buckler           |    28 |    74 |    73 |    31 ||   206
         Kite shield       |       |       |       |    32 ||    32
